Map: Prion Terraces

Players

Maximus

  • Race: Terran Terran
  • League: Gold

Hindulaatti

  • Race: Terran Terran
  • League: Diamond

Tanguy

  • Race: Protoss Protoss
  • League: Gold

JohnMcClane

  • Race: Protoss Protoss
  • League: Gold

VOD

Have the link to the VOD?

Description

Time

  • Played on: Feb. 11, 2016, 7:58 a.m.
  • Length: 14:25
Show
View Real Time Build Order
Export as new Build Order

Maximus Terran 

Build Orders: MMM Bio 

Get SALT Encoding   

  12  0:01  SCV  
  13  0:13  SCV  
  14  0:17  Supply Depot  
  14  0:25  SCV  
  15  0:39  SCV  
  15  0:41  Barracks  
  16  0:50  Refinery  
  16  0:51  SCV  
  17  1:03  SCV  
  18  1:15  SCV  
  19  1:27  Orbital Command  
  19  1:41  Barracks Reactor  
  19  1:44  Command Center  
  19  1:54  Supply Depot  
  19  1:55  SCV  
  20  2:06  Refinery  
  20  2:12  Factory  
  20  2:16  Marine  
  20  2:17  Marine  
  22  2:24  SCV  
  23  2:34  Marine  
  23  2:35  Marine  
  23  2:36  SCV  
  25  2:52  Marine x2  
  25  2:56  Orbital Command  
  27  3:00  SCV  
  28  3:07  Starport  
  28  3:08  Factory Tech Lab  
  28  3:12  SCV  
  29  3:22  SCV  
  29  3:24  SCV  
  31  3:27  Siege Tank  
  34  3:34  SCV  
  34  3:35  Marine  
  34  3:36  Marine, SCV  
  34  3:53  Marine x2  
  32  4:11  Marine x2  
  32  4:22  Siege Tank  
  35  4:24  SCV  
  35  4:25  SCV  
  35  4:31  Starport Reactor  
  37  4:37  SCV  
  38  4:41  Barracks  
  38  4:42  Barracks x3  
  38  4:44  Supply Depot  
  38  4:47  Marine  
  38  4:48  Marine  
  40  4:54  Siege Tank  
  43  5:00  SCV x2  
  43  5:04  Refinery  
  43  5:06  Refinery  
  45  5:12  SCV  
  45  5:13  SCV  
  47  5:16  Starport  
  47  5:19  Marine x2  
  47  5:20  Supply Depot  
  49  5:23  Supply Depot  
  49  5:25  SCV x2  
  49  5:26  Medivac  
  53  5:39  Liberator, Barracks Tech Lab x2  
  53  5:40  Barracks Reactor x2  
  53  5:43  Barracks Tech Lab  
  53  5:46  Marine x2  
  53  5:48  Medivac  
  60  6:08  Combat Shields, Stimpack  
  60  6:13  Concussive Shells  
  59  6:19  Engineering Bay  
  59  6:23  Engineering Bay  
  59  6:26  Supply Depot  
  59  6:32  Medivac  
  51  6:58  SCV x2  
  53  7:02  Terran Infantry Weapons Level 1  
  53  7:06  Terran Infantry Armor Level 1  
  49  7:10  SCV x2  
  50  7:26  Armory  
  50  7:29  Marine  
  50  7:30  Marine x6  
  57  7:41  Missile Turret  
  53  7:47  Marine  
  53  7:48  Marine x3  
  52  7:51  Missile Turret  
  52  7:56  Missile Turret  
  50  8:09  Marine x3  
  50  8:11  Marine  
  53  8:16  SCV  
  54  8:41  Marine x5  
  55  8:42  Marine x2  
  60  8:56  Terran Infantry Weapons Level 2  
  60  8:59  Marine x6  
  60  9:00  Terran Infantry Armor Level 2  
  66  9:03  SCV  
  66  9:04  SCV  
  68  9:15  SCV  
  68  9:16  SCV  
  70  9:28  SCV x2  
  72  9:33  Command Center  
  72  9:36  Marine x6  
  78  9:50  Marine  
  78  9:54  Medivac x2, Marine x2  
  78  9:55  Missile Turret  
  78  9:59  Supply Depot  
  84  10:13  Marine  
  84  10:14  Marine  
  86  10:20  Marine x5  
  80  10:31  Marine x2  
  76  10:36  SCV x2  
  76  10:38  Marine x5  
  79  10:48  SCV  
  79  10:49  Marine x2  
  53  10:56  Marine  
  39  11:07  Marine  
  39  11:08  Marine x5  
  44  11:14  Marine  
  44  11:18  Siege Tank  
  48  11:25  Marine  
  48  11:27  Missile Turret  
  44  11:33  Missile Turret  
  44  11:35  Medivac  
  46  11:50  Marine  
  46  11:53  Marine  
  47  12:12  Medivac  
  49  12:22  Marauder x2  
  53  12:29  Marauder  
  42  12:40  Marine  
  42  12:42  Marine  
  42  12:43  Marauder  
  46  12:47  Marine  
  47  13:00  Marine  
  47  13:01  Marine x2  
  50  13:06  Marauder  
  50  13:09  Marine  
  48  13:23  Missile Turret  
Show
View Real Time Build Order
Export as new Build Order

Hindulaatti Terran 

Build Orders:  

Get SALT Encoding   

  12  0:01  Probe (Chrono Boost)  
  13  0:11  Probe (Chrono Boost)  
  14  0:20  Pylon  
  14  0:22  Probe (Chrono Boost)  
  15  0:38  Probe (Chrono Boost)  
  15  0:42  Gateway  
  16  0:48  Probe (Chrono Boost)  
  17  0:59  Probe (Chrono Boost)  
  17  1:02  Assimilator  
  18  1:15  Probe (Chrono Boost)  
  19  1:31  Cybernetics Core  
  19  1:34  Pylon  
  19  1:37  Probe (Chrono Boost)  
  20  1:48  Gateway  
  20  1:55  Probe (Chrono Boost)  
  20  1:58  Assimilator  
  21  2:05  Probe (Chrono Boost)  
  21  2:07  Warp Gate (Chrono Boost)  
  21  2:08  Adept  
  24  2:13  Pylon  
  24  2:16  Probe (Chrono Boost)  
  25  2:25  Nexus  
  25  2:31  Mothership Core (Chrono Boost)  
  27  2:38  Adept  
  29  2:44  Adept  
  31  2:55  Probe  
  32  2:58  Pylon  
  32  3:07  Pylon, Probe  
  32  3:09  Adept  
  35  3:25  Pylon  
  35  3:30  Adept  
  37  3:36  Adept  
  39  3:43  Gateway  
  39  3:49  Probe  
  39  3:52  Probe  
  39  4:14  Stargate  
  39  4:16  Stargate  
  37  4:18  Assimilator  
  37  4:20  Assimilator  
  37  4:21  Probe  
  37  4:23  Pylon  
  36  4:30  Probe  
  36  4:31  Probe  
  38  4:41  Probe  
  38  4:42  Probe  
  38  4:44  Forge  
  40  4:50  Gateway  
  40  4:51  Probe  
  40  4:53  Probe  
  40  4:56  Twilight Council  
  42  5:00  Phoenix  
  42  5:03  Phoenix, Probe  
  47  5:08  Probe  
  47  5:13  Probe  
  48  5:14  Sentry  
  48  5:20  Photon Cannon  
  51  5:24  Phoenix  
  53  5:32  Phoenix, Probe  
  53  5:34  Probe  
  57  5:43  Probe  
  58  5:57  Phoenix  
  58  5:58  Phoenix  
  58  6:03  Charge  
  62  6:10  Pylon  
  62  6:25  Nexus  
  62  6:26  Pylon  
  62  6:47  Protoss Ground Weapons Level 1  
  58  6:54  Zealot  
  58  6:55  Zealot x3  
  64  7:03  Forge  
  64  7:09  Gateway  
  64  7:11  Pylon  
  64  7:12  Templar Archives  
  64  7:22  Photon Cannon  
  64  7:24  Gateway  
  64  7:25  Gateway  
  64  7:26  Pylon  
  64  7:36  Probe, Protoss Ground Armor Level 1  
  64  7:37  Psionic Storm, Probe  
  64  7:43  Pylon  
  66  7:52  Probe x2  
  66  7:55  Pylon  
  68  8:01  Assimilator  
  68  8:03  Pylon  
  68  8:05  Pylon  
  68  8:07  Assimilator  
  68  8:11  High Templar x3  
  68  8:12  High Templar  
  76  8:25  Robotics Facility  
  76  8:40  Protoss Ground Weapons Level 2  
  76  8:41  High Templar  
  76  8:42  High Templar  
  80  8:51  Zealot x5  
  90  9:08  Probe  
  90  9:09  Probe x2  
  93  9:10  Warp Prism  
  95  9:21  Probe, Zealot x2  
  95  9:22  Zealot  
  102  9:24  Protoss Ground Armor Level 2  
  102  9:37  High Templar x3  
  108  9:39  Zealot  
  110  10:11  Nexus  
  110  10:12  Pylon, Zealot x2  
  110  10:13  Zealot  
  116  10:34  Zealot x5  
  102  11:10  Zealot x6  
  114  11:12  Probe  
  114  11:13  Probe x2  
  114  11:15  Immortal  
  121  11:30  Fleet Beacon  
  121  11:35  Stargate  
  121  11:36  Protoss Ground Weapons Level 3  
  121  11:37  Stargate  
  121  11:43  Assimilator  
  121  11:47  Assimilator  
  121  11:49  Immortal  
  119  12:13  Stalker x7  
  119  12:14  Tempest  
  133  12:16  Tempest  
  141  12:27  Photon Cannon  
  141  12:29  Photon Cannon  
  141  12:31  Photon Cannon  
  141  12:32  Gateway  
  141  12:33  Pylon  
  139  12:39  Tempest  
  139  12:40  Tempest  
  147  12:59  Nexus  
  147  13:20  Tempest x2  
  147  13:25  Sentry x4  
  163  13:36  Tempest  
  159  14:05  Pylon  
  159  14:06  Assimilator  
  155  14:11  Assimilator  
Show
View Real Time Build Order
Export as new Build Order

Tanguy Protoss 

Build Orders:  

Get SALT Encoding   

Show
View Real Time Build Order
Export as new Build Order

JohnMcClane Protoss 

Build Orders:  

Get SALT Encoding   

Tags
 
Add a new tag
Caveats
  • Supply blocks, unpowered buildings, or Contaminate may cause inaccurate times.
  • Supply counts are checked every 10 seconds.